 Dungeon Crawl Stone Soup version 0.21-a0-171-g0f4a3b6 (console) character file.

2679 utis the Protected (level 9, 0/74 HPs)
             Began as a Human Hunter on Aug 7, 2017.
             Killed from afar by Erica (7 damage)
             ... with a bolt of poison
             ... on level 7 of the Dungeon.
             The game lasted 00:23:26 (11878 turns).

utis the Protected (Human Hunter)                  Turns: 11878, Time: 00:23:27

Health: 0/74       AC: 18    Str: 15    XL:     9   Next: 95%
Magic:  9/9        EV: 12    Int: 11    God:
Gold:   352        SH:  0    Dex: 20    Spells: 8/8 levels left

rFire    . . .     SeeInvis .   a - +1 hand crossbow
rCold    . . .     Gourm    .   (no shield)
rNeg     . . .     Faith    .   J - +0 chain mail
rPois    +         Spirit   .   M - +0 helmet
rElec    .         Reflect  .   K - +2 cloak
rCorr    .         Harm     .   N - +0 pair of gloves
MR       .....                  s - +0 pair of boots
Stlth    ..........             (no amulet)
HPRegen  0.22/turn              P - ring of poison resistance
MPRegen  0.11/turn              O - +1 ring of protection

@: agile, lethally poisoned (0 -> -6), slowed, drained, invisible, very slow
A: no striking features
a: no special abilities


You were on level 7 of the Dungeon.
You were hungry.

You visited 1 branch of the dungeon, and saw 8 of its levels.

You collected 352 gold pieces.

Inventory:

Hand Weapons
 a - a +1 hand crossbow (weapon)
 b - a +0 flail of venom
 w - a +0 short sword
 L - a +6 hunting sling
 X - a +0 halberd
Missiles
 d - 38 bolts (quivered)
 h - 221 stones
 q - 30 sling bullets
 u - a throwing net {=f}
 y - 3 exploding tomahawks
 H - 8 tomahawks
 I - 29 arrows
Armour
 p - a scarf of spirit shield
 s - a +0 pair of boots (worn)
 z - a +0 buckler
 J - a +0 chain mail (worn)
 K - a +2 cloak (worn)
 M - a +0 helmet (worn)
 N - a +0 pair of gloves (worn)
Magical Staves
 A - an uncursed staff of cold {unknown}
Jewellery
 C - an uncursed ring of ice
 O - a +1 ring of protection (right hand)
 P - a ring of poison resistance (left hand)
 Q - an uncursed ring of stealth
Wands
 i - a wand of iceblast (3/15)
 T - a wand of acid (12/15)
Scrolls
 e - a scroll of magic mapping
 g - a scroll of amnesia {unknown}
 m - a scroll of fear {unknown}
 n - a scroll of enchant armour {unknown}
 o - a scroll of silence {unknown}
 t - a scroll of teleportation {unknown}
 v - 5 scrolls of fog
 B - a scroll of blinking {unknown}
 D - a scroll of remove curse {@r2}
 E - a scroll of immolation {unknown}
 Y - a scroll of vulnerability {unknown}
Potions
 k - a potion of brilliance
 r - 2 potions of might
 x - 2 potions of lignification
 F - a potion of agility
 G - a potion of invisibility
 R - a potion of haste {@q3}
 S - 2 potions of curing {@q1}
 U - a potion of magic
Comestibles
 f - 8 bread rations {@e1}
 j - 2 fruits {@e2}
 l - 3 royal jellies {@e3}
 W - a meat ration {@e1}


   Skills:
 + Level 8.2(6.9) Fighting
 - Level 7.1(5.8) Crossbows
 - Level 8.2(7.0) Armour
 - Level 2.0(0.9) Dodging
 - Level 1.0(0.0) Stealth


You had 8 spell levels left.
You didn't know any spells.

Dungeon Overview and Level Annotations

Branches:
Dungeon (8/15)             Temple (0/1) D:7
   Lair: D:8-11

Altars:
Cheibriados
Fedhas
Gozag
Hepliaklqana
Wu Jian
Zin

Annotations:
D:8 Erica


Message History

The orc wizard casts a spell at you. The magic dart hits you!
* * * LOW HITPOINT WARNING * * *
Something hits you but does no damage.
Unknown command.
Something hits you but does no damage.
The orc wizard gestures wildly while chanting.
The orc wizard blinks!
You hear some strange, mumbled words.
An orb of energy appears from out of thin air!
The orb of energy hits you!
* * * LOW HITPOINT WARNING * * *
The orb of energy explodes!
You fade into invisibility!
You hear some strange, mumbled words.
A bolt of poison appears from out of thin air!
The bolt of poison hits you!
You are poisoned.
You resist.
You die...

......▒.....▒..▒.....░..░.......░
▒.....▒.....▒..▒.....░..░........
......▒.....▒..▒.....░..'........
......▒.....▒..▒.....░..░........
......▒.....▒..▒.....░░░░........
......▒.<...▒..▒.................
......▒.....▒..▒.........░░░░░░░.
▒.....▒.[[..▒'▒▒.........░.....'.
░░░░░░░.....'..'p>o......░.....░.
░.....▒..▒..§......░.....░.
░.....▒).▒.........░░..░░░. ░
░.....░░░░░.........░.)░░░░
░░░░░░░.....░ ░..o......░......
▒.....▒.....░ ░.........░......
'.....▒.....░ ░...[............
▒...........░ ░............░░░░
▒▒▒▒▒▒.░░░░░░ ░░.....░░░░░.░░░.


You could see an orc wizard and an orc.

Vanquished Creatures
  A hippogriff (D:7)
  Eustachio (D:4)
  Menkaure (D:7)
  Edmund (D:4)
  A water moccasin (D:7)
  2 sky beasts
  A black bear (D:6)
  An ice beast (D:7)
  An ogre (D:7)
  A centaur (D:7)
  A bullfrog (D:7)
  A scorpion (D:6)
  5 wights (D:7)
  A jelly (D:7)
  A crimson imp (D:5)
  6 hounds
  Crazy Yiuf (D:6)
  3 orc priests (D:7)
  7 orc wizards
  8 worker ants
  2 iguanas
  3 hound skeletons
  Robin (D:4)
  5 gnolls
  A howler monkey skeleton (D:4)
  6 adders
  2 river rats (D:6)
  A shadow imp (D:3)
  An ooze (D:1)
  2 adder zombies
  An adder skeleton (D:5)
  3 worms
  3 dart slugs
  4 leopard geckos
  20 orcs
  9 bats
  8 giant cockroaches
  22 goblins
  8 hobgoblins
  18 jackals
  5 quokkas
  3 ball pythons
  6 frilled lizards
  9 kobolds
  2 quokka skeletons (D:4)
  11 rats
201 creatures vanquished.

Notes
Turn   | Place    | Note
-------+----------+-------------------------------------------
     0 | D:1      | utis the Human Hunter began the quest for the Orb.
     0 | D:1      | Reached XP level 1. HP: 16/16 MP: 1/1
   243 | D:1      | Reached XP level 2. HP: 23/23 MP: 2/2
   935 | D:1      | Reached XP level 3. HP: 29/29 MP: 3/3
  1780 | D:2      | Reached XP level 4. HP: 26/37 MP: 4/4
  2276 | D:2      | Found a blossoming altar of Fedhas.
  3571 | D:3      | Reached XP level 5. HP: 42/43 MP: 5/5
  3748 | D:3      | Reached skill level 5 in Fighting
  4247 | D:3      | Found a glowing silver altar of Zin.
  4501 | D:3      | Reached XP level 6. HP: 42/52 MP: 4/6
  4679 | D:3      | Found a hazy altar of Hepliaklqana.
  4981 | D:4      | Noticed Edmund
  5090 | D:4      | Killed Edmund
  5090 | D:4      | Reached skill level 5 in Crossbows
  5678 | D:4      | Reached XP level 7. HP: 42/57 MP: 4/7
  5963 | D:4      | Noticed Eustachio
  5982 | D:4      | Killed Eustachio
  6873 | D:4      | Noticed Robin
  6977 | D:4      | Killed Robin
  7197 | D:5      | Entered Level 5 of the Dungeon
  7276 | D:5      | Reached XP level 8. HP: 64/64 MP: 8/8
  7398 | D:5      | Reached skill level 1 in Armour
  7725 | D:5      | Found an ornate altar of the Wu Jian Council.
  7932 | D:5      | Found an opulent altar of Gozag.
  7933 | D:5      | Found a snail-covered altar of Cheibriados.
  8695 | D:6      | Reached skill level 5 in Armour
  8718 | D:6      | Found a runed door.
  8943 | D:6      | Noticed Crazy Yiuf
  8952 | D:6      | Killed Crazy Yiuf
  9260 | D:7      | Noticed Menkaure
  9578 | D:7      | Reached XP level 9. HP: 44/69 MP: 9/9
  9932 | D:7      | Killed Menkaure
 10571 | D:7      | Found a staircase to the Ecumenical Temple.
 11333 | D:7      | Noticed a hippogriff
 11354 | D:7      | Killed a hippogriff
 11846 | D:8      | Noticed Erica
 11878 | D:7      | Killed from afar by Erica

Vault maps used:
D:1:      nicolae_arrival_somewhat_less_tricky_arrival, hangedman_decor_lopped
D:2:      fedhas_altar_2
D:3:      zin_academy, lemuel_coloured_pillars_altar,
          minmay_randomly_rotated_circles
D:4:      kennysheep_goblin_castle, first_bread, uniq_eustachio, uniq_edmund
D:5:      lemuel_crystal_altar, gammafunk_temple_overflow_pools
D:6:      portal_sewer_entry_e, patterned_corridor, uniq_crazy_yiuf_cottage
D:7:      temple_doors_e, uniq_menkaure
D:8:      nemelex_altar_shiori, david_lair_generic, basic_altar,
          hangedman_ranch, tgw_sif, uniq_erica

Skill      XL: |  1  2  3  4  5  6  7  8  9 |
---------------+----------------------------+-----
Fighting       | 3 4 5 6 8 |  8.2
Crossbows      | 5 7 |  7.1
Armour         | 6 8 |  8.2
Dodging        | |  2.0
Stealth        | |  1.0

Action                   |  1- 3 |  4- 6 |  7- 9 || total
-------------------------+-------+-------+-------++-------
Melee: Short sword       |   104 |   195 |       ||   299
       Flail             |       |    34 |   123 ||   157
 Fire: Hand crossbow     |     7 |    57 |    91 ||   155
       Hunting sling     |       |       |   308 ||   308
Throw: Stone             |    17 |    53 |    21 ||    91
  Use: Scroll            |     1 |     3 |     9 ||    13
       Potion            |       |       |     3 ||     3
 Stab: Sleeping          |       |     3 |       ||     3
  Eat: Chunk             |     2 |    11 |    19 ||    32
       Royal jelly       |       |     1 |       ||     1
Armor: Leather armour    |    23 |    12 |       ||    35
       Ring mail         |       |    86 |    15 ||   101
       Chain mail        |       |       |   295 ||   295
       Skin              |       |       |    16 ||    16
Dodge: Dodged            |    74 |   179 |   163 ||   416
